 Dungeon Crawl Stone Soup version 0.28.0-53-g5a82cb258f (webtiles) character file.

Game seed: 8700856778731824493

4176 MajorAdolf the Cleaver (level 10, 0/141 HPs)
             Began as a Naga Wanderer on June 24, 2022.
             Slain by an orc warlord
             ... wielding a +0 battleaxe
              (15 damage)
             ... in a bailey.
             The game lasted 00:20:25 (12654 turns).

MajorAdolf the Cleaver (Naga Wanderer)             Turns: 12654, Time: 00:20:26

Health: 0/141      AC: 25    Str: 22    XL:     10   Next: 28%
Magic:  16/16      EV:  1    Int: 10    God:
Gold:   295        SH:  0    Dex: 10    Spells: 17/17 levels left

rFire   . . .      SeeInvis +   t - +1 whip (venom)
rCold   . . .      Faith    .   (no shield)
rNeg    . . .      Spirit   .   (armour currently unavailable)
rPois   +          Reflect  .   (helmet currently unavailable)
rElec   .          Harm     .   (cloak currently unavailable)
rCorr   .          Rampage  .   (gloves currently unavailable)
Will    +....      NoTele   +   (no barding)
Stlth   +.........              w - amulet of the acrobat
HPRegen 0.33/turn               (no ring)
MPRegen 0.15/turn               (no ring)

@: mighty, tree-form (expiring)
A: stationary, stasis, torment immunity, boosted hp, AC +3, large, see
invisible, (deformed body), (poison resistance), (slowness 2), spit poison 1,
(naga tail 1)
a: Spit Poison


You were in a bailey.
You were a tree.
You visited 1 branch of the dungeon, and saw 8 of its levels.
You also visited: Bailey.

You collected 295 gold pieces.

Inventory:

Hand Weapons
 l - a +1 flail of protection
 n - a +0 war axe
 r - a +2 flail of holy wrath
 t - a +1 whip of venom (weapon)
 D - a +5 falchion
 E - a +2 mace
Missiles
 e - a throwing net
Armour
 c - a +0 leather armour
 m - a +0 ring mail
 q - a +0 pair of gloves (melded)
 s - a +2 leather armour of fire resistance
 y - a +0 chain mail
 z - the +1 leather armour of Conscience {rElec Str+3}
   (You found it on level 5 of the Dungeon)

   Str:       It affects your strength (+3).
   rElec:     It insulates you from electricity.
 F - +0 steam dragon scales
 H - the +3 chain mail of Modesty (melded) {Int-5 Dex+4}
   (You took it off a gnoll in a bailey)

   Int:       It affects your intelligence (-5).
   Dex:       It affects your dexterity (+4).
Jewellery
 w - an amulet of the acrobat (around neck)
Wands
 j - a wand of mindburst (5)
 C - a wand of iceblast (12)
Scrolls
 b - 4 scrolls of teleportation
 f - a scroll of brand weapon
 k - 2 scrolls of magic mapping
 p - 4 scrolls of amnesia
 v - 3 scrolls of immolation
 G - 2 scrolls of enchant weapon
Potions
 d - 2 potions of flight
 g - 2 potions of resistance
 i - a potion of mutation {unknown}
 o - 2 potions of might
 u - a potion of ambrosia {unknown}
 x - a potion of invisibility {unknown}


   Skills:
 - Level 7.2 Fighting
 - Level 9.0 Axes
 - Level 4.6 Armour
 - Level 4.6 Dodging
 - Level 4.0 Spellcasting
 + Level 5.4 Evocations


You had 17 spell levels left.
You didn't know any spells.
Your spell library contained the following spells:

 Spells                   Type           Power      Damage    Failure   Level
 Beastly Appendage        Tmut           4%         N/A       26%         1
 Freeze                   Ice            8%         1d3       26%         1
 Magic Dart               Conj           8%         1d3       26%         1
 Pain                     Necr           8%         1d4       26%         1
 Sandblast                Erth           4%         2d4       26%         1
 Sting                    Tmut/Pois      8%         1d3       26%         1
 Blink                    Tloc           4%         N/A       36%         2
 Call Imp                 Summ           2%         N/A       36%         2
 Passwall                 Tmut/Erth      1%         N/A       36%         2
 Scorch                   Fire           4%         2d5       36%         2
 Wereblood                Tmut           2%         N/A       36%         2
 Mephitic Cloud           Conj/Pois/Air  2%         N/A       58%         3
 Ozocubu's Armour         Ice            2%         N/A       58%         3
 Spider Form              Tmut/Pois      2%         N/A       58%         3
 Stone Arrow              Conj/Erth      4%         3d7       58%         3
 Cause Fear               Hex            1%         N/A       94%         4
 Flame Wave               Conj/Fire      2%         2d4       94%         4
 Manifold Assault         Tloc           2%         N/A       100%        5
 Summon Cactus Giant      Summ           1%         N/A       100%        6
 Dragon Form              Tmut           1%         N/A       100%        7
 Storm Form               Tmut/Air       1%         N/A       100%        7
 Dragon's Call            Summ           1%         N/A       100%        9


Dungeon Overview and Level Annotations

Branches:
Dungeon (8/15)             Bailey (1/1)
 Temple: D:4-7         Lair: D:8-11

Altars:
Fedhas
Qazlal
Zin


Innate Abilities, Weirdness & Mutations

You are a tree.
Your roots penetrate the ground, keeping you stationary.
You cannot be teleported.
You are immune to unholy pain and torment.
Your maximum health is greatly increased.
Your equipment is partially melded.
((Your serpentine skin is tough. (AC +3)))
You have supernaturally acute eyesight. (SInv)
((Armour fits poorly on your strangely shaped body.))
((Your system is resistant to poisons. (rPois)))
((You cover ground very slowly.))
You can spit poison.
((You have a snake-like lower body.))


Message History

You closely miss the orc warlord.
The orc warlord is moderately wounded.
You hit the orc warlord but do no damage.
The orc warlord is moderately wounded.
The orc warlord hits you with a +0 battleaxe!!
You whack the orc warlord!
The orc warlord is poisoned.
The orc warlord is moderately wounded.
The orc warlord hits you but does no damage.
You closely miss the orc warlord.
The orc warlord is moderately wounded.
Your transformation is almost over.
The orc warlord hits you but does no damage.
You hit the orc warlord.
The orc warlord is moderately wounded.
The orc warlord hits you with a +0 battleaxe!
* * * LOW HITPOINT WARNING * * *
You whack the orc warlord!
The orc warlord is heavily wounded.
You hit the orc warlord.
The orc warlord is heavily wounded.
The orc warlord hits you with a +0 battleaxe!!
* * * LOW HITPOINT WARNING * * *
Unknown command.
Okay, then.
Okay, then.
Okay, then.
Hit: t) +1 whip (venom)
Press: ? - help, Dir - move target, f/p - orc warlord
Aim: an orc warlord, wielding a +0 battleaxe and wearing a +3 plate armour of poison resistance (heavily wounded, very poisoned, about 27% to evade your +1 whip of venom)
Okay, then.
Hit: t) +1 whip (venom)
Press: ? - help, Dir - move target, f/p - orc warlord
Aim: an orc warlord, wielding a +0 battleaxe and wearing a +3 plate armour of poison resistance (heavily wounded, very poisoned, about 27% to evade your +1 whip of venom)
Okay, then.
It was a potion of magic.
Magic courses through your body.
The orc warlord hits you with a +0 battleaxe!
* * * LOW HITPOINT WARNING * * *
It was a potion of curing.
You feel better.
The orc warlord hits you with a +0 battleaxe!
You die... #.......')....... ##.......##....o.. #.........#....... ##.........##88.88# #.....⌠.....###'### ##....)....## ..# #....)....# g.o

##...o...## .g
#...♣...# ##.....##
##'#### ##.....##
#...)...# ##.......##
##.. #....)..).# #...
##.......).## ##...
#.....⌠.....#######....


You could see an orc warlord (poisoned).

Vanquished Creatures
  An orc knight (Bailey)
  Maggie (D:6)
  Eustachio (D:5)
  2 steam dragons
  Menkaure (D:5)
  Edmund (D:4)
  5 orc warriors
  2 black bears
  An ice beast (D:6)
  An ogre (D:5)
  3 necrophages (D:4)
  A phantom (D:5)
  A kobold brigand (D:4)
  Blork the orc (D:5)
  A bullfrog (D:4)
  A wyvern zombie (D:5)
  2 scorpions
  2 water moccasin zombies (D:5)
  2 water moccasin skeletons
  3 wights (D:6)
  A centaur zombie (D:4)
  A bullfrog zombie (D:5)
  2 bullfrog skeletons (D:5)
  4 orc priests
  A centaur skeleton (D:4)
  A gnoll shaman (D:2)
  4 hounds
  6 iguanas
  An orc wizard (D:7)
  2 scorpion zombies (D:4)
  A hound zombie (D:4)
  13 gnolls
  7 adders
  A white imp (D:5)
  An ufetubus (D:5)
  An adder skeleton (D:4)
  2 worms
  4 dart slugs
  25 orcs
  6 bats
  7 endoplasms
  5 giant cockroaches
  17 goblins
  11 hobgoblins
  16 jackals
  7 kobolds
  2 quokkas
  8 ball pythons
  6 frilled lizards
  A quokka zombie (D:4)
  4 rats
201 creatures vanquished.

Vanquished Creatures (others)
  A bush (D:4)
  30 plants (D:4)
31 creatures vanquished.

Grand Total: 232 creatures vanquished

Notes
Turn   | Place    | Note
-------+----------+-------------------------------------------
     0 | D:1      | MajorAdolf the Naga Wanderer began the quest for the Orb.
     0 | D:1      | MajorAdolf set off with the following items: a +0 club, a
                  | scroll of teleportation, a +0 leather armour, a potion of
                  | lignification; and the following spells available to
                  | memorise: Freeze, Pain, Sting, Ozocubu's Armour
     0 | D:1      | Reached XP level 1. HP: 22/22 MP: 5/5
   472 | D:1      | Reached XP level 2. HP: 28/31 MP: 7/7
  1198 | D:1      | Found a faded altar of an unknown god.
  1283 | D:1      | Reached XP level 3. HP: 35/37 MP: 8/8
  1668 | D:2      | Reached skill level 1 in Armour
  1668 | D:2      | Reached skill level 1 in Dodging
  1947 | D:2      | Noticed a black bear
  1954 | D:2      | Killed a black bear
  1955 | D:2      | Reached skill level 5 in Fighting
  1955 | D:2      | Reached XP level 4. HP: 43/46 MP: 10/10
  1955 | D:2      | Reached XP level 5. HP: 48/52 MP: 11/11
  2632 | D:3      | Found a stormy altar of Qazlal.
  3797 | D:2      | Reached skill level 1 in Axes
  3797 | D:2      | Reached XP level 6. HP: 38/61 MP: 12/12
  4203 | D:3      | Reached skill level 2 in Axes
  5134 | D:4      | Reached skill level 3 in Axes
  5171 | D:4      | Noticed Edmund
  5202 | D:4      | Killed Edmund
  5203 | D:4      | Reached skill level 4 in Axes
  5203 | D:4      | Reached XP level 7. HP: 20/67 MP: 13/13
  5600 | D:4      | Reached skill level 5 in Axes
  5895 | D:4      | Reached skill level 6 in Axes
  6107 | D:4      | Found a glowing silver altar of Zin.
  6182 | D:4      | Found a blossoming altar of Fedhas.
  6486 | D:4      | Reached XP level 8. HP: 62/74 MP: 14/14
  6499 | D:4      | Reached skill level 7 in Axes
  6810 | D:5      | Entered Level 5 of the Dungeon
  6835 | D:5      | Reached skill level 8 in Axes
  7078 | D:5      | Reached skill level 9 in Axes
  7586 | D:5      | Noticed Menkaure
  7592 | D:5      | Killed Menkaure
  7593 | D:5      | Reached XP level 9. HP: 36/82 MP: 15/15
  8131 | D:5      | Identified the +1 leather armour of Conscience {rElec
                  | Str+3}
  8258 | D:5      | Noticed Eustachio
  8330 | D:5      | Killed Eustachio
  8599 | D:5      | Noticed Blork the orc
  8607 | D:5      | Killed Blork the orc
 10052 | D:6      | Noticed Maggie
 10056 | D:6      | Killed Maggie
 11166 | D:7      | Reached XP level 10. HP: 14/94 MP: 16/16
 11404 | D:8      | Found a flagged portal.
 11428 | Bailey   | Entered a bailey
 12300 | Bailey   | Noticed an orc knight
 12304 | Bailey   | Killed an orc knight
 12343 | Bailey   | Reached skill level 5 in Evocations
 12509 | Bailey   | Identified the +3 chain mail of Modesty {Int-5 Dex+4}
 12618 | Bailey   | Noticed an orc warlord
 12653 | Bailey   | HP: 7/141 [orc warlord/+0 battleaxe (7)]
 12654 | Bailey   | Slain by an orc warlord

Illustrated notes

Levels and vault maps discovered:
D:1:      elethiomel_arrival_infinity_welcomes_careful_drivers,
          layout_loops_ring, ebering_ecumenical_altar_hall
D:2:      layout_loops_cross, kennysheep_generic_room_12
D:3:      kennysheep_six_static_rooms, layout_loops_cross, lemuel_tele_altar,
          uniq_robin
D:4:      layout_rooms, mainiacjoe_overflow_24_doors,
          fedhas_altar_decomposition, lexackson_kobold_supper, uniq_edmund
D:5:      minmay_chambers_of_threes, layout_rooms,
          corexii_item_surrounded_by_moat, uniq_blork_the_orc, uniq_menkaure,
          uniq_eustachio
D:6:      layout_loops_cross, grunt_decor_clamped, hangedman_glass_teeth,
          minivault_23, uniq_maggie
D:7:      layout_cave_pods, temple_statues, hangedman_decor_diamond_cutter,
          minmay_misc_feat_tower
D:8:      layout_cave_pods, nicolae_tso_swordbearing_angel, enter_bailey_2
Bailey:   bailey_axe_minmay_hex_keep, bailey

Skill      XL: |  1  2  3  4  5  6  7  8  9 10 |
---------------+-------------------------------+-----
Armour         | 1 2 4 |  4.6
Dodging        | 1 2 4 |  4.6
Fighting       | 5 7 |  7.2
Axes           | 1 4 6 9 |  9.0
Evocations     | 2 5 |  5.4
Spellcasting   | |  4.0

Action                   |  1- 3 |  4- 6 |  7- 9 | 10-12 || total
-------------------------+-------+-------+-------+-------++-------
Melee: Scimitar          |    62 |    22 |       |       ||    84
       Club              |     4 |       |       |       ||     4
       Flail             |       |   159 |   116 |       ||   275
       Punch             |       |     2 |     3 |     1 ||     6
       Whip              |       |       |   226 |   120 ||   346
 Abil: Spit Poison       |    15 |    27 |     7 |     7 ||    56
Evoke: Wand              |       |       |     5 |    13 ||    18
  Use: Potion            |       |     1 |     1 |     4 ||     6
       Scroll            |       |       |    11 |     2 ||    13
Armor: Leather armour    |    33 |    15 |   116 |    18 ||   182
       Ring mail         |       |   104 |    18 |       ||   122
       Skin              |       |     8 |    23 |     3 ||    34
       Chain mail        |       |       |       |     3 ||     3
Dodge: Dodged            |    40 |   120 |   153 |    48 ||   361
